 Dungeon Crawl Stone Soup version 0.27-a0-96-gb51a1d6fd6 (webtiles) character file.

Game seed: 5444873359036943089

55 dickylongcocking the Grave Robber (level 3, -3/24 HPs)
             Began as a Demonspawn Necromancer on Jan 20, 2021.
             Slain by a worm (8 damage)
             ... on level 2 of the Dungeon.
             The game lasted 00:01:32 (1695 turns).

dickylongcocking the Grave Robber (DsNe)            Turns: 1695, Time: 00:01:32

Health: -3/24      AC:  5    Str:  8    XL:     3   Next: 67%
Magic:  2/6        EV: 12    Int: 17    God:
Gold:   56         SH:  0    Dex: 13    Spells: 4/6 levels left

rFire    . . .     SeeInvis .   c - +0 spear
rCold    . . .     Faith    .   (no shield)
rNeg     . . .     Spirit   .   a - +0 robe
rPois    .         Reflect  .   (no helmet)
rElec    .         Harm     .   (no cloak)
rCorr    .         Rampage  .   k - +0 pair of gloves
Will     .....                  (no boots)
Stlth    ++........             (no amulet)
HPRegen  0.08/turn              (no ring)
MPRegen  0.10/turn              (no ring)

@: no status effects
A: iridescent scales 1
a: no special abilities


You were on level 2 of the Dungeon.
You visited 1 branch of the dungeon, and saw 2 of its levels.

You collected 56 gold pieces.

Inventory:

Hand Weapons
 c - a +0 spear (weapon)
Armour
 a - a +0 robe (worn)
 k - a +0 pair of gloves (worn)
Jewellery
 b - a cursed ring of attention {unknown}
 d - an uncursed ring of ice {unknown}
Scrolls
 f - a scroll of fear {unknown}
 h - a scroll of random uselessness {unknown}
 i - 2 scrolls of identify {unknown}
 j - a scroll of remove curse {unknown}
Potions
 e - a potion of berserk rage {unknown}
 g - a potion of curing {unknown}


   Skills:
 - Level 1.7 Dodging
 - Level 1.7 Stealth
 * Level 2.4 Spellcasting
 * Level 5.6 Necromancy


You had 4 spell levels left.
You knew the following spells:

 Your Spells              Type           Power        Failure   Level
a - Pain                  Necr           84%          1%          1
b - Animate Skeleton      Necr           42%          1%          1

Your spell library contained the following spells:

 Spells                   Type           Power        Failure   Level
 Vampiric Draining        Necr           10%          5%          3
 Animate Dead             Necr           10%          19%         4
 Agony                    Necr           21%          45%         5


Dungeon Overview and Level Annotations

Branches:
Dungeon (1/15)

Altars:


Innate Abilities, Weirdness & Mutations

You are partially covered in iridescent scales. (AC +2)


Message History

Unknown command.
Reach: c) +0 spear
Press: ? - help, Dir - move target, f/p - worm
Aim: a worm (heavily wounded)
You reach to attack!
You barely miss the worm.
The worm is heavily wounded.
Unknown command.
Reach: c) +0 spear
Press: ? - help, Dir - move target, f/p - worm
Aim: a worm (moderately wounded)
You reach to attack!
You hit the worm.
The worm is heavily wounded.
Unknown command.
Reach: c) +0 spear
Press: ? - help, Dir - move target, f/p - worm
Aim: a worm (moderately wounded)
You reach to attack!
You barely miss the worm.
The worm is moderately wounded.
The worm bites you!
You die...

#.......†..!#
#....$......#
#..†.†......#
#...$.).....#
#......(....#
#...........#
#...........#
#^.....w....#
#.......@...#
#...........#
#############


You could see a worm.

Vanquished Creatures
  2 adders (D:2)
  A dart slug (D:1)
  A leopard gecko (D:1)
  6 bats (D:1)
  A giant cockroach (D:1)
  3 goblins
  4 hobgoblins (D:1)
  5 jackals (D:1)
  4 kobolds
  4 ball pythons (D:1)
  A frilled lizard (D:1)
32 creatures vanquished.

Notes
Turn   | Place    | Note
-------+----------+-------------------------------------------
     0 | D:1      | dickylongcocking the Demonspawn Necromancer began the quest
                  | for the Orb.
     0 | D:1      | Reached XP level 1. HP: 13/13 MP: 3/3
   486 | D:1      | Gained mutation: You are partially covered in iridescent
                  | scales. (AC +2) [demonic ancestry]
   486 | D:1      | Reached XP level 2. HP: 15/19 MP: 0/5
   570 | D:1      | Reached skill level 5 in Necromancy
   948 | D:1      | Learned a level 1 spell: Animate Skeleton
  1037 | D:1      | Reached XP level 3. HP: 22/24 MP: 3/6
  1616 | D:1      | You fall into a shaft and drop 1 floor!
  1695 | D:2      | Slain by a worm

Illustrated notes

Levels and vault maps discovered:
D:1:      wander_arrival_desolate, layout_basic
D:2:      layout_rooms, kennysheep_small_spiral, minmay_misc_feat_cross

Skill      XL: |  1  2 |
---------------+-------+-----
Necromancy     | 5 |  5.6
Dodging        | |  1.7
Stealth        | |  1.7
Spellcasting   | |  2.4

Action                   || total
-------------------------++-------
Melee: Spear             ||    28
 Cast: Pain              ||    49
       Animate Skeleton  ||     3
  Use: Potion            ||     1
Armor: Robe              ||    19
Dodge: Dodged            ||    18

Table legend: (Time is in decaauts)
 A = Elapsed time spent in this place.
 B = Non-inter-level travel time spent in this place.
 C = Inter-level travel time spent in this place.
 D = Time resting spent in this place.
 E = Time spent auto-exploring this place.
 F = Levels seen in this place.
 G = Mean time per level.
                   A        B        C        D        E       F      G
               +--------+--------+--------+--------+--------+-----+--------+
         Total |   1697 |   1662 |     35 |    151 |   1276 |   2 |  848.5 |
       Dungeon |   1697 |   1662 |     35 |    151 |   1276 |   2 |  848.5 |
               +--------+--------+--------+--------+--------+-----+--------+

Top non-repeatable levels by time:
     D:1: 1617 daAuts
     D:2: 79 daAuts
